 Dungeon Crawl Stone Soup version 0.30-a0-634-g8abc85282e (webtiles) character file.

Game seed: 413265687130717880

97 kingofthe the Magician (level 4, -6/24 HPs)
             Began as a Deep Elf Hedge Wizard on Jan 14, 2023.
             Killed from afar by Natasha (8 damage)
             ... with a magic dart
             ... on level 3 of the Dungeon.
             The game lasted 00:11:30 (2258 turns).

kingofthe the Magician (Deep Elf Hedge Wizard)      Turns: 2258, Time: 00:11:30

Health: -6/24      AC:  3    Str:  7    XL:     4   Next: 42%
Magic:  9/14       EV: 12    Int: 19    God:
Gold:   124        SH:  0    Dex: 16    Spells: 7/15 levels left

rFire   . . .      SeeInvis .    f - +2 whip (elec)
rCold   . . .      Faith    .    (no shield)
rNeg    . . .      Spirit   .    p - +0 leather armour
rPois   .          Reflect  .    c - +0 hat
rElec   .          Harm     .    (no cloak)
rCorr   .          Rampage  .    (no gloves)
Will    .....                    (no boots)
Stlth   ++                       (no amulet)
HPRegen 0.24/turn                (no ring)
MPRegen 0.14/turn                (no ring)

@: about to teleport
A: no striking features
a: no special abilities


You were on level 3 of the Dungeon.
You visited 1 branch of the dungeon, and saw 3 of its levels.

You collected 124 gold pieces.

Inventory:

Hand Weapons
 a - a +0 dagger
 f - a +2 whip of electrocution (weapon)
Armour
 b - a +0 robe
 c - a +0 hat (worn)
 p - a +0 leather armour (worn)
Wands
 o - a wand of charming (8)
Scrolls
 g - 2 scrolls of noise {unknown}
 h - 2 scrolls of identify {unknown}
 i - a scroll of immolation {unknown}
 j - a scroll of magic mapping {unknown}
 m - 3 scrolls of blinking {unknown}
Potions
 d - a potion of magic
 k - a potion of heal wounds {unknown}
 l - 3 potions of curing {unknown}
 n - 4 potions of attraction {unknown}


   Skills:
 - Level 0.1 Maces & Flails
 + Level 2.9 Dodging
 + Level 3.0 Stealth
 - Level 6.0 Spellcasting
 + Level 2.0 Conjurations
 - Level 1.1 Summonings
 * Level 1.8 Translocations


You had 7 spell levels left.
You knew the following spells:

 Your Spells              Type           Power      Damage    Failure   Level
a - Magic Dart            Conj           52%        1d5       7%          1
b - Blink                 Tloc           24%        N/A       12%         2
c - Call Imp              Summ           9%         N/A       16%         2
d - Mephitic Cloud        Conj/Pois/Air  8%         N/A       36%         3

Your spell library contained the following spells:

 Spells                   Type           Power      Damage    Failure   Level
 Slow                     Hex            20%        N/A       17%         1
 Gell's Gravitas          Tloc           12%        N/A       24%         3
 Lesser Beckoning         Tloc           24%        N/A       24%         3
 Teleport Other           Tloc           12%        N/A       24%         3
 Cigotuvi's Dreadful Rot  Necr/Pois/Air  10%        N/A       26%         2
 Ensorcelled Hibernation  Hex/Ice        10%        N/A       26%         2
 Hailstorm                Conj/Ice       9%         3d4       32%         3
 Inner Flame              Hex/Fire       5%         N/A       45%         3
 Spider Form              Tmut/Pois      5%         N/A       45%         3
 Flame Wave               Conj/Fire      9%         2d6       73%         4
 Sticky Flame             Conj/Fire      9%         2d3       73%         4
 Anguish                  Hex/Necr       2%         N/A       86%         4
 Ice Form                 Ice/Tmut       5%         N/A       86%         4
 Simulacrum               Ice/Necr       2%         N/A       100%        6


Dungeon Overview and Level Annotations

Branches:
Dungeon (3/15)

Altars:
Yredelemnul

Shops:
D:3 ?

Annotations:
D:3 Grinder, Natasha


Message History

Press: ? - help, Shift-Dir - straight line, f/p - dart slug
Aim: a dart slug (heavily wounded, 100% to hit)
The magic dart hits the dart slug.
The dart slug is almost dead.
The dart slug launches a dart at you. The slug dart hits you.
Casting: Magic Dart (safe; 8% risk of failure)
Confirm with . or Enter, or press ? or * to list all spells.
Aiming: Magic Dart (safe; 8% risk of failure)
Press: ? - help, Shift-Dir - straight line, f/p - dart slug
Aim: a dart slug (almost dead, 100% to hit)
The magic dart hits the dart slug but does no damage.
The dart slug is almost dead.
Natasha zaps a wand.
The roots erupt in riotous growth!
The grasping roots grab you! The grasping roots constrict you.
Casting: Magic Dart (safe; 8% risk of failure)
Confirm with . or Enter, or press ? or * to list all spells.
Aiming: Magic Dart (safe; 8% risk of failure)
Press: ? - help, Shift-Dir - straight line, f/p - dart slug
Aim: a dart slug (almost dead, 100% to hit)
The magic dart hits the dart slug.
You kill the dart slug!
The grasping roots constrict you.
Aiming: Charm
Press: ? - help, Shift-Dir - straight line, f - Natasha
Aim: Natasha, carrying a wand of roots (9) (chance to affect: 49%) Natasha resists with some effort.
The grasping roots constrict you.
* * * LOW HITPOINT WARNING * * *
The grasping roots release their grip on you.
Okay, then.
As you read the scroll labelled ZEBBEE CERAUDA, it crumbles to dust.
You feel strangely unstable.
It was a scroll of teleportation.
Found a stone staircase leading down.
Natasha barely misses you.
You see here a ball python corpse.
Natasha attacks as you move away! Natasha claws you.
* * * LOW HITPOINT WARNING * * *
Natasha stares at you and mumbles some strange words.
The magic dart hits you!
You die...

#...# #.>.# #...# ##
#.†.# .. #####...###.#
#.# ......⌠.... #.#
#.....# #.# #..@# #.#
##########†### #.#
#......# #h#.# #.#
#.####.# #.#.# #.# #>#
#.# #.#.# ###.### #.#
#.###.#.# #.....# #.#
#.......# #.###.####
#.# #####.### #.#
#..... #.#
###...#######.###.####


You could see Natasha.

Vanquished Creatures
  3 adders
  A dart slug (D:3)
  6 orcs (D:3)
  5 ball pythons
  7 endoplasms
  4 giant cockroaches
  4 hobgoblins
  5 jackals
  5 kobolds
  2 bats
  5 frilled lizards
  4 goblins
  10 rats
61 creatures vanquished.

Notes
Turn   | Place    | Note
-------+----------+-------------------------------------------
     0 | D:1      | kingofthe the Deep Elf Hedge Wizard began the quest for the
                  | Orb.
     0 | D:1      | Reached XP level 1. HP: 10/10 MP: 7/7
   296 | D:1      | Reached skill level 5 in Spellcasting
   297 | D:1      | Reached XP level 2. HP: 15/15 MP: 5/10
   464 | D:1      | Learned a level 2 spell: Blink
   467 | D:1      | Learned a level 2 spell: Call Imp
   845 | D:2      | Reached XP level 3. HP: 8/19 MP: 2/12
  1226 | D:2      | Learned a level 3 spell: Mephitic Cloud
  1263 | D:2      | Identified the +0 leather armour of Amorality {rElec rF-
                  | SInv Stlth+}
  1752 | D:3      | Noticed Grinder
  1766 | D:3      | Reached skill level 6 in Spellcasting
  1766 | D:3      | Reached XP level 4. HP: 24/24 MP: 9/14
  1889 | D:3      | Found a basalt altar of Yredelemnul.
  1907 | D:3      | Noticed Natasha
  1994 | D:3      | Found Makavege's Magic Scroll Shoppe.
  2258 | D:3      | Killed from afar by Natasha

Illustrated notes

Levels and vault maps discovered:
D:1:      sevenhm_arrival_forest_fort_small_5, layout_rooms
D:2:      layout_basic
D:3:      layout_loops_ring, yredelemnul_altar_generic,
          gammafunk_ghost_necromancy, serial_shops, nicolae_shop_hallway_plus,
          grunt_ministairs_14, uniq_natasha, uniq_jessica, uniq_grinder

Skill      XL: |  1  2  3  4 |
---------------+-------------+-----
Spellcasting   | 5 6 |  6.0
Conjurations   | 2 |  2.0
Stealth        | 3 |  3.0
Maces & Flails | |  0.1
Dodging        | |  2.9
Summonings     | |  1.1
Translocations | |  1.8

Action                   |  1- 3 |  4- 6 || total
-------------------------+-------+-------++-------
Melee: Whip              |    15 |       ||    15
 Cast: Magic Dart        |   106 |    33 ||   139
Evoke: Wand              |       |     1 ||     1
  Use: Scroll            |       |     1 ||     1
Armor: Robe              |    13 |       ||    13
Dodge: Dodged            |    20 |     3 ||    23

Table legend: (Time is in decaauts)
 A = Elapsed time spent in this place.
 B = Non-inter-level travel time spent in this place.
 C = Inter-level travel time spent in this place.
 D = Time resting spent in this place.
 E = Time spent auto-exploring this place.
 F = Levels seen in this place.
 G = Mean time per level.
                   A        B        C        D        E       F      G
               +--------+--------+--------+--------+--------+-----+--------+
         Total |   2260 |   2227 |     33 |    399 |   1460 |   3 |  753.3 |
       Dungeon |   2260 |   2227 |     33 |    399 |   1460 |   3 |  753.3 |
               +--------+--------+--------+--------+--------+-----+--------+

Top non-repeatable levels by time:
     D:1: 905 daAuts
     D:2: 800 daAuts
     D:3: 554 daAuts
